AoeStats
← sodonnell8697

Arena

509716210Analyzed
1v1 RM · 6d ago on Sep 27, 2026· 35m 47s· 2 players
Game mode
Random Map
Map size
Tiny (2 player)
Population
200
Speed
Normal
Resources
Standard
Victory
Conquest
Starting age
Dark Age
Ending age
Imperial Age
RankedLock teamsTeams togetherTeam positionsShared explorationLock speedFull tech treeHidden civsTurbo modeCheats
Victory
Defeat
🇩🇪 Sicilians · Germany
949
+41
🇺🇸 Italians · United States
901
-14
WatchYourBack
10:31 Feudal Age
14:14 Castle Age
12:32 Double-Bit Axe
13:31 Loom
15:23 Gold Mining
23:35 Wheelbarrow
23:56 Horse Collar
31:19 Imperial Age
30:19 Fletching
30:17 Elite Skirmisher
31:05 Padded Archer Armor
35:24 Ballistics
36:06 Bodkin Arrow
sodonnell8697
2:27 Loom
13:07 Feudal Age
17:07 Castle Age
15:43 Double-Bit Axe
16:22 Horse Collar
23:48 Fletching
25:00 Forging
24:55 Bodkin Arrow
27:31 Padded Archer Armor
27:42 Light Cavalry
29:07 Husbandry
30:46 Wheelbarrow
30:01 Town Watch
30:39 Bow Saw
30:50 Leather Archer Armor
34:54 Imperial Age
35:43 Hand Cart
Connection lost

Rejoining the realm…

Still unreachable

The connection could not be restored.

Session expired

The server has moved on; the page needs a fresh start.